 Dungeon Crawl Stone Soup version 0.29.1-15-g9cfb28693d (webtiles) character file.

Game seed: 10523804977613616013

698 tish the Chopper (level 7, -4/61 HPs)
             Began as a Minotaur Berserker on Apr 4, 2023.
             Was a Believer of Trog.
             Slain by a kobold brigand
             ... wielding a +1 short sword of distortion
              (11 damage)
             ... on level 3 of the Dungeon.
             The game lasted 00:25:59 (2718 turns).

tish the Chopper (Minotaur Berserker)               Turns: 2718, Time: 00:26:02

Health: -4/61      AC: 11    Str: 30    XL:     7   Next: 38%
Magic:  6/6        EV:  9    Int:  4    God:    Trog [**....]
Gold:   126        SH:  0    Dex:  9    Spells: 6/6 levels left

rFire   . . .      SeeInvis .   p - +0 hand axe (flame)
rCold   . . .      Faith    .   (no shield)
rNeg    . . .      Spirit   .   e - +0 chain mail
rPois   .          Reflect  .   (helmet restricted)
rElec   .          Harm     .   (no cloak)
rCorr   .          Rampage  .   l - +0 pair of gloves
Will    ++...                   (no boots)
Stlth   ..........              (no amulet)
HPRegen 1.20/turn               u - +6 ring of strength
MPRegen 0.10/turn               (no ring)

@: strong-willed, on berserk cooldown, regenerating, slowed, very slow
A: horns 2, retaliatory headbutt
a: Renounce Religion, Berserk, Trog's Hand


You were on level 3 of the Dungeon.
You worshipped Trog.
Trog was pleased with you.
You visited 1 branch of the dungeon, and saw 4 of its levels.

You collected 126 gold pieces.

Inventory:

Hand Weapons
 a - a +0 hand axe
 g - a +1 scythe of flaming
 o - a +0 war axe
 p - a +0 hand axe of flaming (weapon)
 t - a +0 short sword of flaming
Missiles
 h - 3 boomerangs (quivered)
 i - 3 poisoned darts
Armour
 b - a +0 animal skin
 e - a +0 chain mail (worn)
 l - a +0 pair of gloves (worn)
Jewellery
 r - an amulet of magic regeneration
 u - a +6 ring of strength (left hand)
Scrolls
 d - a scroll of immolation {unknown}
 f - a scroll of identify
 j - a scroll of magic mapping {unknown}
 k - a scroll of noise {unknown}
 m - a scroll of amnesia {unknown}
 n - a scroll of teleportation {unknown}
 q - a scroll of blinking {unknown}
Potions
 c - 2 potions of brilliance


   Skills:
 + Level 5.4 Fighting
 + Level 6.9(7.1) Axes
 + Level 2.5(5.0) Polearms
 + Level 1.0 Throwing
 + Level 5.4 Armour
 + Level 3.2 Dodging
 + Level 0.4 Stealth


You had 6 spell levels left.
You didn't know any spells.
Your spell library contained the following spells:

 Spells                   Type           Power      Damage    Failure   Level
 Sublimation of Blood     Necr           0%         N/A       99%         2
 Wereblood                Tmut           0%         N/A       99%         2
 Summon Hydra             Summ           0%         N/A       100%        7


Dungeon Overview and Level Annotations

Branches:
Dungeon (4/15)
 Temple: D:4-7

Altars:


Innate Abilities, Weirdness & Mutations

You have a pair of horns on your head.
You reflexively headbutt those who attack you in melee.


Message History

You kill the kobold!
Trog accepts your kill. The kobold brigand barely misses you.
The kobold brigand closely misses you. The kobold closely misses you.
Press: ? - help, v - describe, . - travel, g - get item
Here: a kobold brigand, wielding a +1 short sword of distortion and quivering curare-tipped darts
Items here: $ ( ) †.
An open translucent gate.
Press: ? - help, v - describe, . - travel, g - get item
Here: a kobold, wielding a +0 short sword
Items here: ( )) ? †.
An open translucent gate.
You closely miss the kobold brigand. You hit the kobold. You burn the kobold.
You kill the kobold!
Trog accepts your kill.
The kobold brigand hits you with a +1 short sword of distortion.
Space warps around you.
You hit the kobold brigand but do no damage.
You barely miss the kobold.
The kobold brigand hits you with a +1 short sword of distortion.
Space warps around you. The kobold completely misses you.
You slash the kobold brigand! You burn the kobold brigand.
The kobold brigand is heavily wounded.
You hit the kobold. You burn the kobold.
You kill the kobold!
Trog accepts your kill.
The kobold brigand hits you with a +1 short sword of distortion.
Space warps horribly around you!
* * * LOW HITPOINT WARNING * * *
The kobold brigand barely misses you.
You hit the kobold brigand but do no damage.
The kobold brigand is heavily wounded.
The kobold brigand barely misses you.
You hit the kobold brigand. You burn the kobold brigand.
Your headbutt misses the kobold brigand.
The kobold brigand is severely wounded.
The kobold brigand hits you with a +1 short sword of distortion.
* * * LOW HITPOINT WARNING * * *
Space warps horribly around you!
You die...

##.#######........<..
#.).....##.####.....#
#..#######.####.....#
#.##..)##....#####.##
###.....##...# #.#
#.#...#.#...# ###.##
#⌠.#.#.⌠#...# #.....
#.#...#.#...# #.###.
###.@)..###### #.# #.
#.##K)'##.# #.###.
#.........# #.....
#.###)##########.####
#................#
#.####.###.#######
#......# #.#
#.####.###.#
#.####.....#


You could see a kobold brigand.

Vanquished Creatures
  Sigmund (D:4)
  An orc warrior (D:3)
  The ghost of Zippel the Slasher, an amateur TeCA of Ignis (D:3)
  2 scorpions (D:4)
  An orc priest (D:3)
  A hound (D:4)
  An iguana (D:4)
  Terence (D:3)
  4 gnolls (D:3)
  2 adders
  A white imp (D:3)
  An ufetubus (D:4)
  2 worms
  A dart slug (D:3)
  9 orcs
  3 endoplasms
  2 giant cockroaches
  8 goblins
  4 hobgoblins
  12 kobolds
  A quokka (D:4)
  3 ball pythons
  5 bats
  3 frilled lizards
  3 rats
73 creatures vanquished.

Vanquished Creatures (others)
  A plant (D:2)
1 creature vanquished.

Grand Total: 74 creatures vanquished

Notes
Turn   | Place    | Note
-------+----------+-------------------------------------------
     0 | D:1      | tish the Minotaur Berserker began the quest for the Orb.
     0 | D:1      | Reached XP level 1. HP: 19/19 MP: 0/0
   487 | D:1      | Found a faded altar of an unknown god.
   494 | D:1      | Reached XP level 2. HP: 25/27 MP: 1/1
   560 | D:1      | Reached skill level 4 in Axes
   883 | D:1      | Reached XP level 3. HP: 12/33 MP: 2/2
  1137 | D:2      | You fall into a shaft and drop 2 floors!
  1207 | D:4      | Noticed Sigmund
  1220 | D:4      | Killed Sigmund
  1220 | D:4      | Reached ** piety under Trog
  1221 | D:4      | Reached skill level 5 in Axes
  1221 | D:4      | Reached XP level 4. HP: 41/41 MP: 3/3
  1221 | D:4      | Reached XP level 5. HP: 47/47 MP: 4/4
  1239 | D:4      | Reached skill level 5 in Fighting
  1239 | D:4      | Reached XP level 6. HP: 45/56 MP: 5/5
  1248 | D:4      | Reached skill level 6 in Axes
  1532 | D:3      | Noticed an orc warrior
  1541 | D:3      | HP: 2/56 [orc warrior/+0 hand axe of flaming (2)]
  1823 | D:3      | Killed an orc warrior
  1824 | D:3      | Reached skill level 1 in Polearms
  1824 | D:3      | Reached skill level 1 in Throwing
  1824 | D:3      | Reached XP level 7. HP: 61/61 MP: 6/6
  1829 | D:3      | Reached skill level 5 in Armour
  1990 | D:3      | Noticed Terence
  1996 | D:3      | Killed Terence
  2590 | D:3      | Found a runed translucent gate.
  2590 | D:3      | Found a runed translucent gate.
  2594 | D:3      | Noticed Zippel's ghost (amateur TeCA)
  2596 | D:3      | Found a runed translucent gate.
  2705 | D:3      | Killed Zippel's ghost
  2718 | D:3      | Slain by a kobold brigand

Illustrated notes

Levels and vault maps discovered:
D:1:      elethiomel_arrival_maze, layout_rooms,
          hellmonk_ecumenical_altar_heavens_door, chequers_serial_rivers_micro_d
D:2:      layout_rooms, serial_bayou_crossing
D:3:      layout_loops_cross, gammafunk_ghost_nasty_kobolds, uniq_terence
D:4:      layout_cave_pools, hellmonk_ghost_happy_afterlife, uniq_sigmund

Skill      XL: |  1  2  3  4  5  6  7 |
---------------+----------------------+-----
Fighting       | 4 5 |  5.4
Axes           | 4 5 6 |  6.9
Armour         | 3 4 5 |  5.4
Dodging        | 3 |  3.2
Polearms       | 1 2 |  2.5
Throwing       | 1 |  1.0
Stealth        | |  0.4

Action                   |  1- 3 |  4- 6 |  7- 9 || total
-------------------------+-------+-------+-------++-------
Melee: Hand axe          |    77 |     8 |    35 ||   120
       Headbutt          |     7 |     9 |     3 ||    19
       Punch             |     1 |       |     1 ||     2
       Halberd           |       |    47 |     8 ||    55
Throw: Boomerang         |     3 |     5 |     1 ||     9
Invok: Berserk           |     2 |     1 |     3 ||     6
       Trog's Hand       |       |     1 |     1 ||     2
  Use: Potion            |     3 |       |     1 ||     4
       Scroll            |       |     2 |       ||     2
Armor: Chain mail        |    37 |    41 |    21 ||    99
       Animal skin       |     5 |       |       ||     5
Dodge: Dodged            |    30 |    41 |    23 ||    94
